 Dungeon Sprint DCSS version 0.31-a0-743-g45f7035092 (webtiles) character file.

Game seed: 7154180326765007298

10565 sircluck the Brawler (level 11, -9/131 HPs)
             Began as a Troll Berserker on Sept 12, 2023.
             Was the Champion of Trog.
             Mangled by Rupert
             ... wielding a +2 great sword of flaming
              (38 damage)
             ... in the Dungeon (Sprint III: "The Ten Rune Challenge").
             The game lasted 00:04:29 (1203 turns).

sircluck the Brawler (Troll Berserker)              Turns: 1203, Time: 00:04:29

Health: -9/131     AC:  9    Str: 31    XL:     11   Next: 37%
Magic:  10/10      EV: 13    Int:  3    God:    Trog [******]
Gold:   49         SH:  0    Dex:  9    Spells: 10/10 levels left

rFire   . .          .
                       - Unarmed
rCold   . . .        (no shield)
rNeg    + . .        o - +2 troll leather armour {Snorg}
rPois   .            p - +1 hat
rElec   .            i - +0 cloak
rCorr   .            (gloves unavailable)
SInv    .            (boots unavailable)
Will    .....        (no amulet)
Stlth   +            h - ring of positive energy
HPRegen 2.01/turn    (no ring)
MPRegen 0.12/turn

%: no teleportation
@: on berserk cooldown, slowed, very slow
A: large, unfitting armour, claws 3, regeneration 1, shaggy fur 1, tough skin 1
a: Renounce Religion, Berserk, Trog's Hand, Brothers in Arms


You were in the Dungeon.
You worshipped Trog.
Trog was exalted by your worship.
You visited 1 branch You collected 49 gold pieces.

Inventory:

Armour
 a - a +0 animal skin
 i - a +0 cloak (worn)
 o - a +2 troll leather armour (worn) {Snorg}
 p - a +1 hat (worn)
Jewellery
 h - a ring of positive energy (left claw)
Scrolls
 g - 2 scrolls of blinking
 k - 2 scrolls of poison
 l - 2 scrolls of identify
Potions
 b - 3 potions of curing
 c - a potion of heal wounds
 d - a potion of haste
 e - 2 potions of magic
 f - a potion of berserk rage
 j - 4 potions of mutation
 m - 3 potions of enlightenment
 q - a potion of lignification {unknown}
 r - a potion of invisibility {unknown}
Miscellaneous
 n - a phial of floods


   Skills:
 + Level 14.3 Fighting
 + Level 14.1 Dodging
 + Level 16.6 Unarmed Combat


You had 10 spell levels left.
You didn't know any spells.
Your spell library was empty.

Dungeon Overview and Level Annotations

Branches:
Dungeon (1/1)

Altars:
Cheibriados
Dithmenos
Elyvilon
Fedhas
Gozag
Hepliaklqana
Kikubaaqudgha
Makhleb
Nemelex Xobeh
Okawaru
Qazlal
Ru
Sif Muna
Trog
Uskayaw
Vehumet
Wu Jian
Xom
Yredelemnul
Zin
The Shining One
Jiyva
Lugonu

Annotations:
D Rupert


Innate Abilities, Weirdness & Mutations

You are too large for most types of armour.
You have claws for hands.
Your natural rate of healing is unusually fast.
You are covered in fur. (AC +1)
You have tough skin. (AC +1)


Message History

Okay, then.
You bump into the rock wall.
You bump into the rock wall.
You barely miss Rupert.
Rupert hits you with a +2 great sword of flaming!
Rupert burns you.
You bump into the rock wall.
Rupert hits you with a +2 great sword of flaming!!
Rupert burns you. Rupert roars wildly at you.
You are more confused.
You mangle Rupert!!
Rupert is lightly wounded.
Rupert hits you with a +2 great sword of flaming!!
Rupert burns you!
You mangle Rupert!!
Rupert is moderately wounded.
Rupert closely misses you.
You bump into the rock wall.
Rupert barely misses you.
You bump into the rock wall.
Rupert hits you with a +2 great sword of flaming!
Rupert burns you.
Rupert roars madly and goes into a rage!
Rupert goes berserk!
You claw Rupert!
Rupert is moderately wounded.
Rupert hits you with a +2 great sword of flaming!!
* * * LOW HITPOINT WARNING * * *
Rupert burns you.
* * * LOW HITPOINT WARNING * * *
You feel much better.
You feel less confused. Rupert closely misses you.
Rupert hits you with a +2 great sword of flaming!
* * * LOW HITPOINT WARNING * * *
Rupert burns you.
* * * LOW HITPOINT WARNING * * *
Rupert hits you with a +2 great sword of flaming!!!
You die...
Rupert roars with triumph.

▓.................#___#_
▓▓▓▓▓▓▓▓▓▓▓▓▓▓▓▓▓▓▓▓▓▓▓▓
▓..††≈.≈≈~§≈.~♣♣.....♣♣
▓...#)§≈§§~~≈~♣♣.≈≈≈≈'♣
▓..P#~~§§§§≈≈.†'.....#.
▓..P#~~~≈~≈≈~~♣♣♣♣♣♣♣#.
▓...#≈≈≈.~≈≈~≈♣ ##
▓##'####+######
▓.....@@......
▓#+########### .JJ#
▓..J+ ▓...# ▓...# #+###


You could see Rupert (berserk).

Vanquished Creatures
  Gastronok (D)
  2 dire elephants (D)
  Snorg (D)
  A centaur warrior (D)
  A deep elf pyromancer (D)
  2 elephants (D)
  2 cane toads (D)
  2 unseen horrors (D)
  A rime drake (D)
  A komodo dragon (D)
  3 wandering mushrooms (D)
  A queen bee (D)
  5 blink frogs (D)
  A shadow (D)
  A spatial vortex (D)
  A swamp drake (D)
  2 centaurs (D)
  An earth elemental (D)
  A necrophage (D)
  A water elemental (D)
  21 killer bees (D)
  Crazy Yiuf (D)
  A jelly (D)
  A wizard (D)
  A necromancer (D)
  A kobold demonologist (D)
  3 humans (D)
  An endoplasm (D)
  3 rats (D)
64 creatures vanquished.

Vanquished Creatures (collateral kills)
  11 killer bees (D)
11 creatures vanquished.

Grand Total: 75 creatures vanquished

Notes
Turn   | Place    | Note
-------+----------+-------------------------------------------
     0 | D        | sircluck the Troll Berserker began the quest for the Orb.
     0 | D        | Reached XP level 1. HP: 22/22 MP: 0/0
    18 | D        | Reached ** piety under Trog
    43 | D        | Reached skill level 4 in Unarmed Combat
    43 | D        | Reached XP level 2. HP: 31/31 MP: 1/1
    48 | D        | Noticed Crazy Yiuf
    54 | D        | Killed Crazy Yiuf
    55 | D        | Reached skill level 5 in Unarmed Combat
    55 | D        | Reached XP level 3. HP: 29/39 MP: 2/2
    99 | D        | Noticed a water elemental
   103 | D        | Killed a water elemental
   103 | D        | Reached *** piety under Trog
   104 | D        | Reached skill level 5 in Fighting
   104 | D        | Reached skill level 5 in Dodging
   104 | D        | Reached skill level 6 in Unarmed Combat
   104 | D        | Reached XP level 4. HP: 50/50 MP: 3/3
   108 | D        | Found a radiant altar of Vehumet.
   108 | D        | Found a shimmering blue altar of Sif Muna.
   108 | D        | Found an ancient bone altar of Kikubaaqudgha.
   108 | D        | Noticed a wizard
   116 | D        | Killed a wizard
   117 | D        | Reached XP level 5. HP: 57/58 MP: 4/4
   133 | D        | Found a basalt altar of Yredelemnul.
   133 | D        | Found a shadowy altar of Dithmenos.
   133 | D        | Found a sacrificial altar of Ru.
   134 | D        | Reached **** piety under Trog
   137 | D        | Reached skill level 7 in Unarmed Combat
   146 | D        | Found a hide-covered altar of Uskayaw.
   146 | D        | Found an iron altar of Okawaru.
   146 | D        | Found a bloodstained altar of Trog.
   146 | D        | Found an ornate altar of the Wu Jian Council.
   146 | D        | Noticed a human
   147 | D        | Noticed a human
   151 | D        | Killed a human
   152 | D        | Reached skill level 8 in Unarmed Combat
   152 | D        | Reached XP level 6. HP: 71/71 MP: 5/5
   158 | D        | Killed a human
   159 | D        | Reached skill level 9 in Unarmed Combat
   159 | D        | Reached XP level 7. HP: 79/79 MP: 6/6
   203 | D        | Found a glowing silver altar of Zin.
   203 | D        | Found a glowing golden altar of the Shining One.
   203 | D        | Found a white marble altar of Elyvilon.
   204 | D        | Noticed a deep elf pyromancer
   207 | D        | Noticed a fire elemental
   207 | D        | Noticed a fire elemental
   209 | D        | Killed a deep elf pyromancer
   209 | D        | Reached ***** piety under Trog
   210 | D        | Reached skill level 10 in Unarmed Combat
   250 | D        | Noticed a shadow
   255 | D        | Killed a shadow
   256 | D        | Reached XP level 8. HP: 62/92 MP: 7/7
   285 | D        | Found a blossoming altar of Fedhas.
   285 | D        | Found a stormy altar of Qazlal.
   285 | D        | Found a snail-covered altar of Cheibriados.
   285 | D        | Found a burning altar of Makhleb.
   285 | D        | Found a shimmering altar of Xom.
   286 | D        | Found a hazy altar of Hepliaklqana.
   286 | D        | Found an opulent altar of Gozag.
   286 | D        | Found a sparkling altar of Nemelex Xobeh.
   286 | D        | Found a corrupted altar of Lugonu.
   286 | D        | Found a viscous altar of Jiyva.
   297 | D        | Reached skill level 11 in Unarmed Combat
   313 | D        | Noticed Snorg
   319 | D        | Killed Snorg
   320 | D        | Reached skill level 10 in Fighting
   320 | D        | Reached skill level 10 in Dodging
   320 | D        | Reached skill level 12 in Unarmed Combat
   422 | D        | Noticed a centaur warrior
   430 | D        | Killed a centaur warrior
   431 | D        | Reached XP level 9. HP: 26/105 MP: 8/8
   493 | D        | Killed an unseen horror
   493 | D        | Identified the +2 giant club of Entrepreneurial Spirit
                  | {flame, Str+2} (Trog gifted it to you in the Dungeon)
   493 | D        | Received a gift from Trog
   493 | D        | Reached ****** piety under Trog
   494 | D        | Reached skill level 13 in Unarmed Combat
   756 | D        | Killed an unseen horror
   767 | D        | Noticed a queen bee
   786 | D        | Received a gift from Trog
   800 | D        | Reached XP level 10. HP: 115/115 MP: 9/9
   800 | D        | Received a gift from Trog
   810 | D        | Reached skill level 14 in Unarmed Combat
   822 | D        | Received a gift from Trog
   919 | D        | Received a gift from Trog
  1031 | D        | Noticed a cane toad
  1031 | D        | Noticed a cane toad
  1042 | D        | Killed a cane toad
  1045 | D        | Killed a cane toad
  1046 | D        | Reached skill level 15 in Unarmed Combat
  1147 | D        | Noticed an elephant
  1151 | D        | Noticed a dire elephant
  1152 | D        | Killed an elephant
  1152 | D        | Received a gift from Trog
  1153 | D        | Reached XP level 11. HP: 127/127 MP: 10/10
  1153 | D        | Noticed a dire elephant
  1153 | D        | Noticed Gastronok
  1158 | D        | Killed a dire elephant
  1165 | D        | Killed a dire elephant
  1166 | D        | Reached skill level 16 in Unarmed Combat
  1171 | D        | Killed Gastronok
  1184 | D        | Noticed an azure jelly
  1184 | D        | Noticed an azure jelly
  1184 | D        | Noticed an azure jelly
  1189 | D        | Noticed an azure jelly
  1192 | D        | Noticed Rupert
  1203 | D        | Mangled by Rupert

Illustrated notes

Levels and vault maps discovered:
D:        dungeon_sprint_mu [sprint_mu_entry_forest, sprint_mu_temple_rooms,
          sprint_mu_d1_horrors, sprint_mu_d2_genie, sprint_mu_d3_branching,
          sprint_mu_orc_legion, sprint_mu_elf_gauntlet, sprint_mu_hive_nellie,
          sprint_mu_lair_fedhas, sprint_mu_vaults_butterflies,
          sprint_mu_slime_circle, sprint_mu_swamp_cave, sprint_mu_shoals_archi,
          sprint_mu_blade_basic, sprint_mu_crypt_lich, sprint_mu_tomb_spiral,
          sprint_mu_vestibule_basic, sprint_mu_gehenna_hellfire,
          sprint_mu_dis_giant, sprint_mu_tartarus_statrot,
          sprint_mu_cocytus_islands, sprint_mu_zot1]

Skill      XL: |  1  2  3  4  5  6  7  8  9 10 11 |
---------------+----------------------------------+-----
Fighting       | 3 4 5 7 9 11 13 14 | 14.3
Dodging        | 3 4 5 7 9 10 11 13 14 | 14.1
Unarmed Combat | 4 5 6 8 9 10 12 13 15 16 | 16.6

Action                     |  1- 3 |  4- 6 |  7- 9 | 10-12 || total
---------------------------+-------+-------+-------+-------++-------
  Melee: Unarmed           |    21 |    20 |    71 |   101 ||   213
         Punch             |       |     2 |     5 |    10 ||    17
 Invoke: Berserk           |       |     1 |     2 |     2 ||     5
         Brothers in Arms  |       |       |     1 |       ||     1
    Use: Scroll            |       |       |     1 |       ||     1
         Potion            |       |       |     1 |     1 ||     2
 Armour: Animal skin       |     8 |    11 |    16 |       ||    35
         Troll leather arm |       |       |    98 |    51 ||   149
  Dodge: Dodged            |     8 |     8 |    35 |    43 ||    94

Table legend: (Time is in decaauts)
 A = Elapsed time spent in this place.
 B = Non-inter-level travel time spent in this place.
 C = Inter-level travel time spent in this place.
 D = Time resting spent in this place.
 E = Time spent auto-exploring this place.
 F = Levels seen in this place.
 G = Mean time per level.
                   A        B        C        D        E       F      G
               +--------+--------+--------+--------+--------+-----+--------+
         Total |   1200 |   1173 |     27 |    629 |     41 |   1 | 1200.0 |
       Dungeon |   1200 |   1173 |     27 |    629 |     41 |   1 | 1200.0 |
               +--------+--------+--------+--------+--------+-----+--------+

Top non-repeatable levels by time:
       D: 1200 daAuts
